 Dungeon Crawl Stone Soup version 0.26-a0-712-ga5a9c9c9d0 (webtiles) character file.

Game seed: 7673635839965548267

41 ringo67 the Firebug (level 3, 0/31 HPs)
             Began as an Ogre Fire Elementalist on Nov 2, 2020.
             Slain by a phantom (9 damage)
             ... on level 2 of the Dungeon.
             The game lasted 00:02:46 (1903 turns).

ringo67 the Firebug (Ogre Fire Elementalist)        Turns: 1903, Time: 00:02:47

Health: 0/31       AC:  3    Str: 12    XL:     3   Next: 52%
Magic:  5/7        EV: 10    Int: 17    God:
Gold:   53         SH:  0    Dex:  9    Spells: 7/8 levels left

rFire    . . .     SeeInvis .   d - +0 hand axe
rCold    . . .     Faith    .   (no shield)
rNeg     . . .     Spirit   .   a - +0 robe
rPois    .         Reflect  .   (helmet restricted)
rElec    .         Harm     .   (no cloak)
rCorr    .         Rampage  .   (gloves unavailable)
MR       .....                  (boots unavailable)
Stlth    +.........             (no amulet)
HPRegen  0.10/turn              (no ring)
MPRegen  0.10/turn              (no ring)

@: no status effects
A: large, unfitting armour, tough skin 1
a: no special abilities


You were on level 2 of the Dungeon.
You visited 1 branch of the dungeon, and saw 2 of its levels.

You collected 53 gold pieces.

Inventory:

Hand Weapons
 d - a +0 hand axe (weapon)
Armour
 a - a +0 robe (worn)
Scrolls
 b - a scroll of enchant armour {unknown}
 c - a scroll of fear {unknown}
 e - 2 scrolls of teleportation {unknown}
 f - 2 scrolls of identify {unknown}
 h - a scroll of remove curse {unknown}
 i - a scroll of magic mapping {unknown}
 j - a scroll of fog {unknown}
Potions
 g - a potion of stabbing {unknown}


   Skills:
 - Level 1.7 Dodging
 - Level 1.4 Stealth
 + Level 3.1 Spellcasting
 + Level 1.7 Conjurations
 + Level 3.2 Fire Magic


You had 7 spell levels left.
You knew the following spells:

 Your Spells              Type           Power        Failure   Level
a - Foxfire               Conj/Fire      ##..         6%          1

Your spell library contained the following spells:

 Spells                   Type           Power        Failure   Level
 Conjure Flame            Conj/Fire      ##......     19%         3
 Inner Flame              Hex/Fire       #.......     26%         3
 Sticky Flame             Conj/Fire      ##......     52%         4
 Fireball                 Conj/Fire      ##........   86%         5


Dungeon Overview and Level Annotations

Branches:
Dungeon (2/15)

Altars:


Innate Abilities, Weirdness & Mutations

You are too large for most types of armour.
You have tough skin. (AC +1)


Message History

The kobold hits you but does no damage.
The phantom blinks!
Casting: Foxfire (safe; 6% risk of failure)
Confirm with . or Enter, or press ? or * to list all spells.
You conjure some foxfire!
The kobold barely misses you.
You hit the kobold.
You kill the kobold!
The foxfire hits the phantom.
The phantom is lightly damaged.
You barely miss the kobold.
The kobold hits you with a +0 short sword.
You hit the kobold but do no damage. You hit the phantom.
The kobold hits you but does no damage. The phantom hits you.
* * * LOW HITPOINT WARNING * * *
The kobold hits you but does no damage.
You hit the phantom but do no damage.
The phantom is lightly damaged.
You hit the kobold but do no damage.
The phantom hits you but does no damage.
The kobold hits you but does no damage. The phantom hits you!
You die...

######
.....##################.
####.#<.ยง......W@K......
####...################.
..####.# #.# #.# #.# #.#
.# #.####.##### #.#
..........># #.#
#.####.###.# #.#
...###.###.# #.#


You could see a phantom and a kobold.

Vanquished Creatures
  An adder (D:2)
  A worm (D:2)
  A dart slug (D:1)
  A leopard gecko (D:1)
  2 giant cockroaches
  3 goblins (D:1)
  3 hobgoblins
  A quokka (D:2)
  4 bats (D:1)
  5 kobolds
  2 rats (D:1)
24 creatures vanquished.

Vanquished Creatures (others)
  72 foxfires
72 creatures vanquished.

Grand Total: 96 creatures vanquished

Notes
Turn   | Place    | Note
-------+----------+-------------------------------------------
     0 | D:1      | ringo67 the Ogre Fire Elementalist began the quest for the
                  | Orb.
     0 | D:1      | Reached XP level 1. HP: 16/16 MP: 3/3
   139 | D:1      | Reached skill level 1 in Conjurations
   421 | D:1      | Reached XP level 2. HP: 24/24 MP: 2/5
  1100 | D:2      | Reached XP level 3. HP: 25/31 MP: 0/7
  1533 | D:2      | Noticed a phantom
  1903 | D:2      | Slain by a phantom

Illustrated notes

Levels and vault maps discovered:
D:1:      psy_arrival_whirlpool, layout_basic
D:2:      layout_basic, chequers_ecumenical_altar_simple, minmay_door_square

Skill      XL: |  1  2 |
---------------+-------+-----
Conjurations   | 1 |  1.7
Fire Magic     | 3 |  3.2
Spellcasting   | 3 |  3.1
Dodging        | |  1.7
Stealth        | |  1.4

Action                   || total
-------------------------++-------
Melee: Hand axe          ||    28
 Cast: Foxfire           ||    44
 Stab: Sleeping          ||     2
Armor: Robe              ||    11
Dodge: Dodged            ||    26

Table legend: (Time is in decaauts)
 A = Elapsed time spent in this place.
 B = Non-inter-level travel time spent in this place.
 C = Inter-level travel time spent in this place.
 D = Time resting spent in this place.
 E = Time spent auto-exploring this place.
 F = Levels seen in this place.
 G = Mean time per level.
                   A        B        C        D        E       F      G
               +--------+--------+--------+--------+--------+-----+--------+
         Total |   1912 |   1852 |     60 |    227 |   1305 |   2 |  956.0 |
       Dungeon |   1912 |   1852 |     60 |    227 |   1305 |   2 |  956.0 |
               +--------+--------+--------+--------+--------+-----+--------+

Top non-repeatable levels by time:
     D:1: 1309 daAuts
     D:2: 603 daAuts
